 Dungeon Crawl Stone Soup version 0.28-a0-773-g130ae17fe5 (webtiles) character file.

Game seed: 1967861219515237097

1108 cheechan the Poker (level 8, -4/109 HPs)
             Began as a Naga Fighter on Nov 1, 2021.
             Slain by Duvessa (9 damage)
             ... on level 5 of the Dungeon.
             The game lasted 00:14:11 (4245 turns).

cheechan the Poker (Naga Fighter)                   Turns: 4245, Time: 00:14:11

Health: -4/109     AC: 24    Str: 20    XL:     8   Next: 33%
Magic:  8/8        EV:  1    Int:  9    God:
Gold:   318        SH:  5    Dex: 11    Spells: 6/7 levels left

rFire   . . .      SeeInvis +   q - +4 trident
rCold   . . .      Faith    .   c - +1 buckler
rNeg    + . .      Spirit   .   (armour currently unavailable)
rPois   +          Reflect  .   (helmet currently unavailable)
rElec   .          Harm     .   (cloak currently unavailable)
rCorr   .          Rampage  .   (gloves currently unavailable)
Will    +....      NoTele   +   (no barding)
Stlth   +.........              (no amulet)
HPRegen 0.28/turn               k - +4 ring of slaying
MPRegen 0.11/turn               p - ring of positive energy

@: lethally poisoned (-4 -> -18), tree-form, hasted, very quick
A: stationary, stasis, torment immunity, boosted hp, AC +2, large, see
invisible, (deformed body), (poison resistance), (slowness 2), spit poison 1,
(naga tail 1)
a: Spit Poison


You were on level 5 of the Dungeon.
You were a tree.
You visited 1 branch of the dungeon, and saw 5 of its levels.

You collected 318 gold pieces.

Inventory:

Hand Weapons
 a - a +1 war axe
 i - a +0 vorpal spear
 q - a +4 trident (weapon)
Missiles
 f - 5 curare-tipped darts
 g - 90 stones
 h - 19 arrows
 o - 42 bolts
 t - 21 sling bullets
Armour
 b - a +0 scale mail (melded)
 c - a +1 buckler (worn)
 u - a +0 helmet of intelligence (melded)
 w - a +0 pair of gloves (melded)
Jewellery
 k - a +4 ring of slaying (left branch)
 p - a ring of positive energy (right branch)
Wands
 r - a wand of paralysis (13)
Scrolls
 l - a scroll of enchant armour
Potions
 e - a potion of haste
 s - 2 potions of brilliance


   Skills:
 + Level 4.5 Fighting
 + Level 2.6(4.5) Axes
 + Level 5.6(6.0) Polearms
 + Level 4.7 Armour
 + Level 2.0 Dodging
 + Level 1.1 Stealth
 + Level 3.3 Shields


You had 6 spell levels left.
You knew the following spells:

 Your Spells              Type           Power      Damage    Failure   Level
a - Summon Small Mammal   Summ           0%         N/A       38%         1

Your spell library contained the following spells:

 Spells                   Type           Power      Damage    Failure   Level
 Call Canine Familiar     Summ           0%         N/A       77%         3
 Summon Guardian Golem    Hex/Summ       0%         N/A       77%         3


Dungeon Overview and Level Annotations

Branches:
Dungeon (5/15)
 Temple: D:4-7

Altars:
Ashenzari

Annotations:
D:5 Blork the orc, Dowan, Duvessa


Innate Abilities, Weirdness & Mutations

You are a tree.
Your roots penetrate the ground, keeping you stationary.
You cannot be teleported.
You are immune to unholy pain and torment.
Your maximum health is greatly increased.
Your equipment is partially melded.
((Your serpentine skin is tough. (AC +2)))
You have supernaturally acute eyesight. (SInv)
((Armour fits poorly on your strangely shaped body.))
((Your system is resistant to poisons. (rPois)))
((You cover ground very slowly.))
You can spit poison.
((You have a snake-like lower body.))


Message History

Duvessa is heavily wounded.
You feel very sick.
Duvessa hits you with a +5 rapier of venom!
You are more poisoned.
Reach: q) +4 trident
Press: ? - help, Dir - move target, f/p - Duvessa
Aim: Duvessa, wielding a +5 rapier of venom, wearing a +0 chain mail and quivering poisoned darts (heavily wounded, about 23% to evade your +4 trident)
You hit Duvessa.
Duvessa is heavily wounded.
You feel very sick.
Duvessa hits you with a +5 rapier of venom.
You feel better.
Duvessa hits you with a +5 rapier of venom.
You barely miss Duvessa.
Duvessa is heavily wounded.
Duvessa hits you with a +5 rapier of venom!
You are lethally poisoned!
You feel yourself speed up.
* * * LOW HITPOINT WARNING * * *
You feel very sick.
Duvessa hits you with a +5 rapier of venom.
* * * LOW HITPOINT WARNING * * *
It was a potion of flight.
You feel very buoyant.
You fly up into the air.
* * * LOW HITPOINT WARNING * * *
You feel very sick.
Duvessa hits you with a +5 rapier of venom!
* * * LOW HITPOINT WARNING * * *
It was a potion of lignification.
You turn into a tree.
Your +0 helmet of intelligence melds into your body.
Your +0 pair of gloves melds into your body.
Your +0 scale mail melds into your body.
You feel stupid.
Your roots penetrate the ground.
* * * LOW HITPOINT WARNING * * *
You feel sick.
Duvessa gestures with her weapon.
Duvessa hits you with a +5 rapier of venom!
You die...

###+###)##.##..# # #..
##+##### ##..#####..#
##.##..##..#...#
#...'......#
...........#...#
#...#......#
...........#....
#...#......#
...........#....
.....#......#
.....eZ..§§#...#
#####.#..#..##
...##..###§##..#
######..###e..#######§##..#
#.....♣.........§§Oe§..
#.......!......§§§§§§.#
#.....<..........§§§§.#
#..................§§..
#......................
##..####.>##.###♣♣♣♣♣♣♣
...# ..##+# ..... ...


You could see Duvessa.

Vanquished Creatures
  Eustachio (D:4)
  Menkaure (D:4)
  A black bear (D:4)
  An orc warrior (D:4)
  2 ogres (D:5)
  A phantom (D:4)
  2 orc priests
  2 bullfrog skeletons (D:4)
  An iguana (D:5)
  2 orc wizards
  A hound zombie (D:4)
  A hound skeleton (D:4)
  11 adders
  An adder skeleton (D:4)
  A worm (D:2)
  A dart slug (D:4)
  4 orcs
  6 bats
  6 endoplasms
  2 giant cockroaches
  9 goblins
  7 hobgoblins
  3 jackals (D:3)
  6 quokkas
  11 ball pythons
  4 frilled lizards
  6 kobolds
  2 rats
96 creatures vanquished.

Vanquished Creatures (others)
  3 plants (D:1)
3 creatures vanquished.

Grand Total: 99 creatures vanquished

Notes
Turn   | Place    | Note
-------+----------+-------------------------------------------
     0 | D:1      | cheechan the Naga Fighter began the quest for the Orb.
     0 | D:1      | Reached XP level 1. HP: 21/21 MP: 1/1
   122 | D:1      | Found a faded altar of an unknown god.
   321 | D:1      | Reached XP level 2. HP: 27/28 MP: 2/2
   395 | D:1      | HP: 1/28 [goblin (1)]
  1193 | D:2      | Reached XP level 3. HP: 29/34 MP: 3/3
  1462 | D:2      | Reached skill level 1 in Dodging
  1700 | D:2      | Reached XP level 4. HP: 40/42 MP: 4/4
  1718 | D:2      | Learned a level 1 spell: Summon Small Mammal
  2128 | D:3      | Reached skill level 1 in Polearms
  2128 | D:3      | Reached skill level 1 in Stealth
  2467 | D:3      | Reached XP level 5. HP: 43/49 MP: 5/5
  2781 | D:4      | Noticed a black bear
  2789 | D:4      | Killed a black bear
  2790 | D:4      | Reached skill level 2 in Polearms
  2790 | D:4      | Reached XP level 6. HP: 37/56 MP: 6/6
  2872 | D:4      | Reached skill level 3 in Polearms
  3010 | D:4      | Noticed Eustachio
  3028 | D:4      | Killed Eustachio
  3029 | D:4      | Reached XP level 7. HP: 24/63 MP: 7/7
  3206 | D:4      | Reached skill level 4 in Polearms
  3272 | D:4      | Found a broken altar of Ashenzari.
  3273 | D:4      | Noticed Menkaure
  3279 | D:4      | Killed Menkaure
  3472 | D:5      | Entered Level 5 of the Dungeon
  3480 | D:4      | Reached skill level 5 in Polearms
  3480 | D:4      | Reached XP level 8. HP: 61/72 MP: 8/8
  3589 | D:5      | Noticed Duvessa
  3589 | D:5      | Noticed Dowan
  3612 | D:5      | Noticed Blork the orc
  4245 | D:5      | HP: 5/109 [poisoned by Duvessa]
  4245 | D:5      | Slain by Duvessa

Illustrated notes

Levels and vault maps discovered:
D:1:      matt_arrival_refuge, layout_loops_cross,
          chequers_ecumenical_altar_simple_redux, minmay_door_square,
          hangedman_decor_lopped, serial_bayou_lagoon_a
D:2:      layout_basic
D:3:      layout_basic, minmay_misc_feat_room
D:4:      minmay_spotlight, layout_basic, ashenzari_conservatory_becter,
          uniq_eustachio, uniq_menkaure
D:5:      layout_gridville, mainiacjoe_overflow_alcove_4,
          mainiacjoe_overflow_alcove_1, uniq_duvessa, uniq_blork_the_orc

Skill      XL: |  1  2  3  4  5  6  7  8 |
---------------+-------------------------+-----
Dodging        | 1 2 |  2.0
Polearms       | 1 2 3 5 |  5.6
Armour         | 3 4 |  4.7
Stealth        | 1 |  1.1
Shields        | 3 |  3.3
Fighting       | 4 |  4.5
Axes           | |  2.6

Action                   |  1- 3 |  4- 6 |  7- 9 || total
-------------------------+-------+-------+-------++-------
Melee: War axe           |    34 |       |       ||    34
       Spear             |    74 |    25 |       ||    99
       Trident           |       |    79 |    90 ||   169
 Abil: Spit Poison       |     2 |     1 |     3 ||     6
  Use: Scroll            |     4 |     5 |     4 ||    13
       Potion            |       |     1 |     5 ||     6
Armor: Scale mail        |    56 |    72 |    34 ||   162
Dodge: Dodged            |    36 |    48 |    25 ||   109
Block: Buckler           |    22 |    32 |    24 ||    78

Table legend: (Time is in decaauts)
 A = Elapsed time spent in this place.
 B = Non-inter-level travel time spent in this place.
 C = Inter-level travel time spent in this place.
 D = Time resting spent in this place.
 E = Time spent auto-exploring this place.
 F = Levels seen in this place.
 G = Mean time per level.
                   A        B        C        D        E       F      G
               +--------+--------+--------+--------+--------+-----+--------+
         Total |   5472 |   5472 |      0 |    829 |      0 |   5 | 1094.4 |
       Dungeon |   5472 |   5472 |      0 |    829 |      0 |   5 | 1094.4 |
               +--------+--------+--------+--------+--------+-----+--------+

Top non-repeatable levels by time:
     D:1: 1528 daAuts
     D:2: 1222 daAuts
     D:4: 966 daAuts
     D:3: 929 daAuts
     D:5: 825 daAuts
